 Dungeon Crawl Stone Soup version 0.21-a0-2-ge494091 (webtiles) character file.

137 JeffiDaFish the Shield-Bearer (level 5, 0/33 HPs)
             Began as a Gargoyle Fighter on May 22, 2017.
             Killed by divine providence
             ... invoked by an orc priest
              (10 damage)
             ... on level 3 of the Dungeon.
             The game lasted 00:03:26 (1611 turns).

JeffiDaFish the Shield-Bearer (Gargoyle Fighter)    Turns: 1611, Time: 00:03:26

Health: 0/33       AC: 16    Str: 19    XL:     5   Next: 20%
Magic:  5/5        EV: 10    Int:  9    God:
Gold:   112        SH: 14    Dex: 15    Spells: 4/4 levels left

rFire    . . .     SeeInvis .   a - +1 flail
rCold    . . .     Gourm    .   c - +0 shield
rNeg     + . .     Faith    .   l - +0 chain mail
rPois    ∞         Spirit   .   g - +0 helmet
rElec    +         Reflect  .   (no cloak)
rCorr    .         Harm     .   (no gloves)
MR       .....                  (no boots)
Stlth    ..........             n - amulet of regeneration
Regen    0.6/turn               (no ring)
MPRegen  0.1/turn               (no ring)

@: agile
A: large bone plates 1, yellow scales 1, negative energy resistance 1,
electricity resistance, unbreathing, petrification resistance, rot immunity, AC
+4
a: no special abilities


You were on level 3 of the Dungeon.
You were not hungry.

You visited 1 branch of the dungeon, and saw 3 of its levels.

You collected 112 gold pieces.

Inventory:

Hand Weapons
 a - a +1 flail (weapon)
Armour
 c - a +0 shield (worn)
 g - a +0 helmet (worn)
 l - a +0 chain mail (worn)
Jewellery
 n - an amulet of regeneration (around neck)
 p - a +3 amulet of reflection
Scrolls
 e - a scroll of identify
 k - 3 scrolls of remove curse
Potions
 b - a potion of curing
 d - a potion of might
 o - a potion of agility
Books
 m - a book of Maledictions

   Spells                             Type                      Level
   a - Corona                         Hexes                        1
   b - Ensorcelled Hibernation        Hexes/Ice                    2
   c - Confuse                        Hexes                        3
   d - Tukima's Dance                 Hexes                        3
   e - Dazzling Spray                 Conjuration/Hexes            3
Comestibles
 f - 3 bread rations
 h - a royal jelly
 i - a meat ration
 j - 14 chunks of flesh


   Skills:
 + Level 3.8 Fighting
 + Level 3.1 Maces & Flails
 + Level 3.8 Armour
 + Level 0.8 Dodging
 + Level 4.5 Shields


You had 4 spell levels left.
You didn't know any spells.

Dungeon Overview and Level Annotations

Branches:
Dungeon (3/15)

Altars:
Gozag
Qazlal
Uskayaw
Xom


Innate Abilities, Weirdness & Mutations

You are resistant to torment.
Your stone body is resilient. (AC +4)
You are immune to poison.
You resist negative energy. (rN+)
You are resistant to electric shocks. (rElec)
You can survive without breathing.
You are immune to petrification.
You are immune to rotting.
You are partially covered in large bone plates. (SH +4)
You are partially covered in yellow scales. (AC +2)


Message History

The orc hits you but does no damage. You block the orc priest's attack.
You are too injured to fight recklessly!
You hit the orc.
The orc is lightly wounded.
You block the orc's attack. The orc priest barely misses you.
Unknown command.
You hit the orc priest.
The orc priest is almost dead.
You block the orc's attack. The orc priest barely misses you.
Your shield and chain mail prevent you from hitting the orc priest.
The orc priest is almost dead.
The orc priest looks satisfied for a moment.
You closely miss the orc priest.
The orc priest is almost dead.
You block the orc's attack.
You barely miss the orc priest.
The orc priest is almost dead.
The orc priest invokes the aid of Beogh against you.
Beogh smites you!
You die...

###+### ≈≈.≈≈
≈...≈ #≈...≈#
#≈...≈#
#####≈♣.♣≈#####
≈≈≈≈≈≈♣o♣≈≈≈≈≈≈
≈...♣♣o@o♣♣...≈
≈........$....≈
≈...♣♣⌠.⌠♣♣...≈
≈≈≈≈≈≈♣$♣≈≈≈≈≈≈
#####≈♣.♣≈#####
#≈...≈# #≈...≈#
#≈...≈# .......
#≈≈.≈≈#


You could see an orc priest and 2 orcs.

Vanquished Creatures
  A crimson imp (D:3)
  3 adders
  An ooze (D:3)
  A worm (D:2)
  2 dart slugs (D:1)
  4 leopard geckos
  5 giant cockroaches
  5 goblins
  7 hobgoblins
  6 jackals
  9 kobolds
  3 bats
  7 frilled lizards
  9 rats
63 creatures vanquished.

Notes
Turn   | Place    | Note
-------+----------+-------------------------------------------
     0 | D:1      | JeffiDaFish the Gargoyle Fighter began the quest for the Orb.
     0 | D:1      | Reached XP level 1. HP: 14/14 MP: 1/1
    59 | D:1      | Gained mutation: You are partially covered in yellow scales. (AC +2) [potion of mutation]
    59 | D:1      | Gained mutation: Your spells are a little easier to cast, but a little less powerful. [potion of mutation]
    59 | D:1      | Lost mutation: Your spells are a little easier to cast, but a little less powerful. [potion of mutation]
    59 | D:1      | Gained mutation: You are partially covered in large bone plates. (SH +4) [potion of mutation]
   122 | D:1      | Reached XP level 2. HP: 17/19 MP: 2/2
   328 | D:1      | Reached XP level 3. HP: 23/23 MP: 3/3
   725 | D:2      | Found a shimmering altar of Xom.
   763 | D:2      | Found an opulent altar of Gozag.
   985 | D:2      | Found a stormy altar of Qazlal.
   997 | D:2      | Reached skill level 4 in Shields
  1189 | D:2      | Found a hide-covered altar of Uskayaw.
  1230 | D:2      | Reached XP level 4. HP: 29/29 MP: 4/4
  1389 | D:3      | Reached XP level 5. HP: 33/33 MP: 5/5
  1611 | D:3      | Killed from afar by an orc priest

Vault maps used:
D:1:      scummos_arrival_checkerplants
D:2:      grunt_gozag_breadcrumbs, xom_teletrap_fun,
          lemuel_coloured_pillars_altar, nicolae_overflow_crystal_walls,
          grunt_ministairs_5, hangedman_abyss_or_decor_stabs
D:3:      nicolae_overflow_hidden_temple, first_bread,
          kennysheep_decorative_pillar, kennysheep_minor_cross

Skill      XL: |  1  2  3  4  5 |
---------------+----------------+-----
Shields        | 4 |  4.5
Maces & Flails | 3 |  3.1
Fighting       | |  3.8
Armour         | |  3.8
Dodging        | |  0.8

Action                   |  1- 3 |  4- 6 || total
-------------------------+-------+-------++-------
Melee: Flail             |   144 |   142 ||   286
  Use: Potion            |     3 |     2 ||     5
       Scroll            |     3 |     4 ||     7
  Eat: Chunk             |     1 |     2 ||     3
Armor: Scale mail        |    61 |       ||    61
       Chain mail        |    11 |    88 ||    99
Dodge: Dodged            |    38 |    31 ||    69
Block: Shield            |   134 |   126 ||   260
